 Dungeon Crawl Stone Soup version bcrawl-1.27.1d (webtiles) character file.

Game seed: 18246287652673140480

156438 Freyura the Twirler (level 4, -4/34 HPs)
             Began as a Demonspawn Gladiator on July 19, 2020.
             Slain by a gnoll
             ... wielding a +0 whip
              (5 damage)
             ... on level 3 of the Dungeon.
             The game lasted 00:04:10 (1696 turns).

Freyura the Twirler (Demonspawn Gladiator)          Turns: 1696, Time: 00:04:11

Health: -4/34      AC:  4    Str: 13 (14) XL:     4   Next: 61%
Magic:  0/4        EV: 13    Int:  7 (10) God:
Gold:   106        SH:  0    Dex: 14 (15) Spells: 3/3 levels left

rFire    . . .     SeeInvis .   a - +0 quarterstaff
rCold    . . .     Gourm    .   (shield currently unavailable)
rNeg     . . .     Faith    .   b - +0 leather armour
rPois    .         Spirit   +   c - +0 helmet
rElec    .         Reflect  .   (no cloak)
rCorr    .         Harm     .   (no gloves)
MR       .....                  (no boots)
Stlth    +.........             n - amulet of rage
HPRegen  0.11/turn              (no ring)
MPRegen  0.09/turn              (no ring)

@: no status effects
A: powered by pain 1, magic shield
a: Evoke Berserk Rage


You were on level 3 of the Dungeon.
You were not hungry.

You visited 1 branch of the dungeon, and saw 3 of its levels.

You collected 106 gold pieces.

Inventory:

Hand Weapons
 a - a +0 quarterstaff (weapon)
Missiles
 d - 3 throwing nets {=f}
Armour
 b - a +0 leather armour (worn)
 c - a +0 helmet (worn)
Jewellery
 n - an amulet of rage (around neck)
Scrolls
 g - a scroll of remove curse
 i - 4 scrolls of teleportation
Potions
 h - a potion of flight {unknown}
 l - a potion of curing {unknown}
Comestibles
 e - 5 rations {!d}
 j - 2 chunks of flesh


   Skills:
 + Level 2.7 Fighting
 * Level 3.7 Staves
 - Level 1.7 Throwing
 + Level 1.4 Armour
 + Level 3.2 Dodging
 + Level 0.2 Evocations


You had 3 spell levels left.
You didn't know any spells.
Your spell library was empty.

Dungeon Overview and Level Annotations

Branches:
Dungeon (3/12)

Altars:


Innate Abilities, Weirdness & Mutations

You sometimes gain a little power by taking damage.
When hurt, damage is shared between your health and your magic reserves.


Message History

The gnoll barely misses you. The gnoll misses you.
The gnoll closely misses you.
You hit the gnoll.
You kill the gnoll!
The gnoll hits you from afar with a +0 halberd!
* * * LOW HITPOINT WARNING * * *
You focus on the pain.
You feel your power returning. The gnoll barely misses you.
You sock the gnoll!
The gnoll is severely wounded.
The gnoll hits you.
* * * LOW HITPOINT WARNING * * *
The gnoll barely misses you.
The gnoll hits you from afar with a +0 halberd.
* * * LOW HITPOINT WARNING * * *
It was a potion of degeneration.
There was something very wrong with that liquid.
You feel weakened.
You feel dopey.
You feel clumsy. The gnoll barely misses you.
The gnoll hits you with a +0 whip.
You die...

.###########.........#
## #.........#
#########†.###+##
#..........#
#..........## .
#...........# ..
#.....)....l# ...
..........g.# ....
.........##@# .....
.........##g#......
.........##.g......
######...###....###
#...# ....# #...#
...## #... #..# .>.
####


You could see 3 gnolls and a frilled lizard.

Vanquished Creatures
  Terence (D:2)
  An adder (D:2)
  A gnoll (D:3)
  An ooze (D:1)
  A worm (D:3)
  A dart slug (D:1)
  3 leopard geckos
  A ball python (D:2)
  2 giant cockroaches
  3 goblins (D:1)
  9 hobgoblins
  8 jackals
  3 bats
  2 frilled lizards
  9 kobolds
  7 rats
53 creatures vanquished.

Notes
Turn   | Place    | Note
-------+----------+-------------------------------------------
     0 | D:1      | Freyura the Demonspawn Gladiator began the quest for the
                  | Orb.
     0 | D:1      | Reached XP level 1. HP: 16/16 MP: 1/1
   196 | D:1      | Gained mutation: You sometimes gain a little power by
                  | taking damage. [demonic ancestry]
   196 | D:1      | Reached XP level 2. HP: 11/22 MP: 2/2
   505 | D:1      | Gained mutation: When hurt, damage is shared between your
                  | health and your magic reserves. [demonic ancestry]
   505 | D:1      | Reached XP level 3. HP: 28/28 MP: 3/3
   578 | D:1      | Reached skill level 1 in Armour
   938 | D:2      | Noticed Terence
   949 | D:2      | Killed Terence
   949 | D:2      | Reached XP level 4. HP: 20/34 MP: 2/4
  1695 | D:3      | HP: 1/34 [gnoll/+0 halberd (1)]
  1696 | D:3      | Slain by a gnoll

Skill      XL: |  1  2  3 |
---------------+----------+-----
Staves         | 3 |  3.7
Dodging        | 3 |  3.2
Armour         | 1 |  1.4
Fighting       | |  2.7
Throwing       | |  1.7
Evocations     | |  0.2

Action                   |  1- 3 |  4- 6 || total
-------------------------+-------+-------++-------
Melee: Quarterstaff      |   115 |    47 ||   162
  Use: Scroll            |     2 |     2 ||     4
       Potion            |       |     1 ||     1
 Stab: Sleeping          |     1 |       ||     1
  Eat: Chunk             |     3 |     4 ||     7
Armor: Leather armour    |    34 |    15 ||    49
Dodge: Dodged            |    86 |    44 ||   130
